 Dungeon Crawl Stone Soup version 0.31-a0-925-g0a390f2509 (webtiles) character file.

Game seed: 13146401525544778793

85 MachoJfn the Magician (level 4, -2/31 HPs)
             Began as a Djinni Fire Elementalist on Oct 18, 2023.
             Killed by divine providence
             ... invoked by an orc priest
              (15 damage)
             ... on level 3 of the Dungeon.
             The game lasted 00:03:56 (1784 turns).

MachoJfn the Magician (Djinni Fire Elementalist)    Turns: 1784, Time: 00:03:56

Health: -2/31      AC:  3    Str:  7    XL:     4   Next: 75%
Gold:   113        EV: 13    Int: 19    God:
                   SH:  0    Dex: 13

rFire   + + +        g - staff of fire
rCold   x . .        (no shield)
rNeg    . . .        a - +0 robe
rPois   ∞            (no helmet)
rElec   .            (no cloak)
rCorr   .            l - +0 pair of gloves
SInv    .            (boots unavailable)
Will    .....        (no amulet)
Stlth   +            (no ring)
HPRegen 0.25/turn    (no ring)
MPRegen 0.00/turn

%: infuse magic (-3 HP)
@: confused, flying
A: sickness immunity, fire resistance 2, cold vulnerability 1, float, innate
caster, HP casting, extra vitality 1
a: no special abilities


You were on level 3 of the Dungeon.
You visited 1 branch of the dungeon, and saw 3 of its levels.

You collected 113 gold pieces.

Inventory:

Missiles
 c - 22 stones
 k - 11 boomerangs
Armour
 a - a +0 robe (worn)
 l - a +0 pair of gloves (worn)
Magical Staves
 g - a staff of fire (weapon)
Scrolls
 b - a scroll of poison
 f - a scroll of immolation
 h - a scroll of teleportation
Potions
 d - a potion of cancellation
 e - 2 potions of haste
 i - a potion of resistance


   Skills:
 + Level 3.1 Dodging
 + Level 2.3 Stealth
 * Level 3.6 Spellcasting
 * Level 3.6 Conjurations
 * Level 3.6 Hexes
 * Level 3.6 Summonings
 * Level 3.6 Necromancy
 * Level 3.6 Translocations
 * Level 3.6 Transmutations
 * Level 3.6 Fire Magic
 * Level 3.6 Ice Magic
 * Level 3.6 Air Magic
 * Level 3.6 Earth Magic
 * Level 3.6 Poison Magic


You knew the following spells:

 Your Spells              Type           Power      Damage    Failure   Level
a - Foxfire               Conj/Fire      100%       2x1d9     3%          1
b - Scorch                Fire           52%        2d7       4%          2
c - Volatile Blastmotes   Fire/Tloc      52%        2d14      10%         3
d - Inner Flame           Hex/Fire       26%        N/A       10%         3
e - Flame Wave            Conj/Fire      26%        2d8       32%         4
f - Kiss of Death         Conj/Necr      68%        2d10      3%          1
Your spell library was empty.

Dungeon Overview and Level Annotations

Branches:
Dungeon (3/15)

Altars:


Innate Abilities, Weirdness & Mutations

You are immune to sickness and miasma.
You are immune to poison.
Your flesh is very heat resistant. (rF++)
You are vulnerable to cold. (rC-)
You float through the air rather than walking.
You learn spells naturally, not from books.
Your magical power is your life essence.
You have superior vitality. (+4 MHP)


Message History

You hear a shout!
The orc priest calls upon Beogh to heal the orc wizard.
The orc wizard's wounds heal themselves!
The orc wizard hits you with a +0 dagger.
Casting: Scorch (safe; 4% risk of failure)
Confirm with . or Enter, or press ? or * to list all spells.
You feel a surge of power!
Flames lash the orc.
The orc is heavily wounded.
The orc's fire resistance burns away.
Casting: Scorch (safe; 4% risk of failure)
Confirm with . or Enter, or press ? or * to list all spells.
You feel a surge of power!
Flames lash the orc priest.
The orc priest is severely wounded.
The orc priest's fire resistance burns away.
You hear a shout!
An orc wizard comes into view. It is wielding a +0 dagger.
The orc wizard gestures at you while chanting.
You are confused.
The orc priest looks encouraged for a moment.
You hear a shout!
You bump into the rock wall.
A hobgoblin comes into view.
The orc wizard hits you but does no damage.
You bump into the rock wall.
The orc is no longer more vulnerable to fire.
The orc hits you with a +1 heavy hand axe!
The orc wizard hits you with a +0 dagger.
The orc priest looks encouraged for a moment.
You bump into the rock wall.
The orc wizard closely misses you.
The orc priest looks satisfied for a moment.
You're too confused to cast spells.
You're too confused to cast spells.
An orc priest comes into view. It is wielding a +0 mace.
The orc priest shouts!
A hobgoblin comes into view.
The orc priest is no longer more vulnerable to fire.
An orc comes into view. It is wielding a +0 dagger.
The orc priest mumbles some strange prayers to Beogh against you.
Beogh smites you!
You die...

## #o# .. #g# #####.#
#o# .....g. #.# ......)
#.# .....). #.#
......o##.##
.....oo.o@.#
#########..## ######
.........####....#
....####....#....######
............')...+.....
....#########....####..
#....##...#
########....##...#
.......'....''>..#


You could see 2 orc priests, 2 orc wizards, 2 orcs and a hobgoblin.

Vanquished Creatures
  Jessica (D:2)
  An adder (D:3)
  2 dart slugs (D:1)
  2 orcs (D:3)
  8 ball pythons
  4 endoplasms
  2 giant cockroaches
  3 hobgoblins (D:1)
  A quokka (D:1)
  6 bats
  2 frilled lizards
  6 goblins (D:1)
  3 kobolds
  2 rats (D:1)
43 creatures vanquished.

Vanquished Creatures (others)
  52 foxfires
52 creatures vanquished.

Grand Total: 95 creatures vanquished

Notes
Turn   | Place    | Note
-------+----------+-------------------------------------------
     0 | D:1      | MachoJfn the Djinni Fire Elementalist began the quest for
                  | the Orb.
     0 | D:1      | MachoJfn set off with the following spells memorised:
                  | Foxfire, Scorch, Volatile Blastmotes, Inner Flame, Flame
                  | Wave.
     0 | D:1      | Reached XP level 1. HP: 15/15 MP: 0/0
    49 | D:1      | Reached XP level 2. HP: 15/21 MP: 0/0
   246 | D:1      | Reached XP level 3. HP: 15/25 MP: 0/0
   246 | D:1      | Learned a level 1 spell: Kiss of Death
  1393 | D:2      | Noticed Jessica
  1395 | D:2      | Killed Jessica
  1396 | D:2      | Reached XP level 4. HP: 31/31 MP: 0/0
  1784 | D:3      | Killed from afar by an orc priest

Illustrated notes

Levels and vault maps discovered:
D:1:      nicolae_arrival_somewhat_less_tricky_arrival, layout_rooms
D:2:      layout_loops_ring, nicolae_twisty_statue_hallways, uniq_jessica
D:3:      layout_basic, hellmonk_ecumenical_altar_lost_god, minmay_misc_feat_x,
          uniq_robin

Skill      XL: |  1  2  3 |
---------------+----------+-----
Spellcasting   | |  3.6
Conjurations   | |  3.6
Hexes          | |  3.6
Summonings     | |  3.6
Necromancy     | |  3.6
Translocations | |  3.6
Transmutations | |  3.6
Fire Magic     | |  3.6
Ice Magic      | |  3.6
Air Magic      | |  3.6
Earth Magic    | |  3.6
Poison Magic   | |  3.6
Stealth        | 2 |  2.3
Dodging        | 3 |  3.1

Action                     |  1- 3 |  4- 6 || total
---------------------------+-------+-------++-------
   Cast: Foxfire           |    26 |    12 ||    38
         Scorch            |    12 |     6 ||    18
    Use: Scroll            |     4 |     3 ||     7
         Potion            |     3 |     1 ||     4
 Armour: Robe              |     2 |     8 ||    10
  Dodge: Dodged            |     3 |     4 ||     7

Table legend: (Time is in decaauts)
 A = Elapsed time spent in this place.
 B = Non-inter-level travel time spent in this place.
 C = Inter-level travel time spent in this place.
 D = Time resting spent in this place.
 E = Time spent auto-exploring this place.
 F = Levels seen in this place.
 G = Mean time per level.
                   A        B        C        D        E       F      G
               +--------+--------+--------+--------+--------+-----+--------+
         Total |   1768 |   1706 |     62 |    244 |   1241 |   3 |  589.3 |
       Dungeon |   1768 |   1706 |     62 |    244 |   1241 |   3 |  589.3 |
               +--------+--------+--------+--------+--------+-----+--------+

Top non-repeatable levels by time:
     D:1: 811 daAuts
     D:2: 786 daAuts
     D:3: 169 daAuts
